 Dungeon Crawl Stone Soup version 0.29-a0-338-g1ff7896281 (webtiles) character file.

Game seed: 17236629277855631921

238 zishaf the Chiller (level 6, -2/42 HPs)
             Began as an Octopode Ice Elementalist on Apr 18, 2022.
             Slain by a mummy (15 damage)
             ... in an ossuary.
             The game lasted 00:06:09 (4784 turns).

zishaf the Chiller (Octopode Ice Elementalist)      Turns: 4784, Time: 00:06:10

Health: -2/42      AC:  8    Str:  7    XL:     6   Next: 7%
Magic:  2/9        EV: 13    Int: 20    God:
Gold:   258        SH:  0    Dex: 12    Spells: 2/9 levels left

rFire   . . .      SeeInvis .   g - +0 short sword (spect)
rCold   . . .      Faith    .   (no shield)
rNeg    . . .      Spirit   .   (helmet restricted)
rPois   .          Reflect  .   (no amulet)
rElec   .          Harm     .   (no ring)
rCorr   .          Rampage  .   (no ring)
Will    .....                   (no ring)
Stlth   +++.......              (no ring)
HPRegen 0.14/turn               (no ring)
MPRegen 0.11/turn               (no ring)
                                (no ring)
                                (no ring)

@: ice-armoured, freezing walls
A: almost no armour, amphibious, 8 rings, camouflage 1, gelatinous body 1,
(nimble swimmer 1), tentacles
a: no special abilities


You were in an ossuary.
You visited 1 branch of the dungeon, and saw 5 of its levels.
You also visited: Ossuary.

You collected 258 gold pieces.

Inventory:

Hand Weapons
 d - a +0 spear
 g - a +0 spectral short sword (weapon)
Scrolls
 c - 3 scrolls of teleportation
Potions
 a - 2 potions of magic
 b - a potion of might
 e - a potion of invisibility
 f - 2 potions of flight
 h - a potion of cancellation {unknown}
 i - a potion of ambrosia {unknown}
 j - a potion of resistance {unknown}
 k - 4 potions of curing
 m - a potion of lignification {unknown}
 o - a potion of berserk rage {unknown}


   Skills:
 + Level 3.0 Fighting
 - Level 2.0 Dodging
 - Level 3.0 Stealth
 - Level 2.0 Spellcasting
 * Level 6.2 Ice Magic


You had 2 spell levels left.
You knew the following spells:

 Your Spells              Type           Power      Damage    Failure   Level
a - Freeze                Ice            100%       1d11      1%          1
b - Frozen Ramparts       Ice            54%        1d7       3%          3
c - Ozocubu's Armour      Ice            27%        N/A       3%          3

Your spell library contained the following spells:

 Spells                   Type           Power      Damage    Failure   Level
 Ensorcelled Hibernation  Hex/Ice        28%        N/A       7%          2
 Magic Dart               Conj           8%         1d3       16%         1
 Slow                     Hex            8%         N/A       16%         1
 Passwall                 Tmut/Erth      1%         N/A       24%         2
 Searing Ray              Conj           4%         2d4       24%         2
 Sublimation of Blood     Necr           2%         N/A       24%         2
 Hailstorm                Conj/Ice       14%        3d5       41%         4
 Confusing Touch          Hex            2%         N/A       43%         3
 Swiftness                Air            2%         N/A       43%         3
 Vampiric Draining        Necr           2%         2d6       43%         3
 Fulminant Prism          Conj/Hex       1%         3d6       83%         4
 Petrify                  Tmut/Erth      2%         N/A       83%         4
 Fireball                 Conj/Fire      1%         3d3       99%         5
 Irradiate                Conj/Tmut      1%         3d13      99%         5
 Iskenderun's Battlesphe  Conj           2%         2d6       99%         5
 Conjure Ball Lightning   Conj/Air       1%         3x3d6     100%        6
 Orb of Destruction       Conj           1%         9d5       100%        7


Dungeon Overview and Level Annotations

Branches:
Dungeon (5/15)            Ossuary (1/1)
 Temple: D:4-7

Altars:
Qazlal


Innate Abilities, Weirdness & Mutations

You cannot wear most types of armour.
You are amphibious.
You can wear up to eight rings at the same time.
Your skin changes colour to match your surroundings (Stealth+).
Your rubbery body absorbs attacks. (AC +1, EV +1)
((You are camouflaged when in or above water. (Stealth+)))
You have tentacles for arms and can constrict up to eight enemies at once.


Message History

The centaur zombie is almost destroyed.
Your +0 spectral short sword hits the centaur zombie.
The hornet zombie completely resists.
The wall freezes the hornet zombie but does no damage.
The hornet zombie resists.
The wall freezes the hornet zombie.
The centaur zombie resists.
The wall freezes the centaur zombie.
The centaur zombie hits you but does no damage.
The centaur zombie barely misses you.
You hit the centaur zombie.
You destroy the centaur zombie!
The hornet zombie completely resists.
The wall freezes the hornet zombie but does no damage.
The hornet zombie closely misses you.
The hornet zombie completely resists.
The wall freezes the hornet zombie but does no damage.
The mummy resists.
The wall freezes the mummy.
The mummy resists.
The wall freezes the mummy.
The mummy hits you!
The mummy resists.
The wall freezes the mummy.
The hornet zombie resists.
The wall freezes the hornet zombie.
The hornet zombie misses you.
Your Fighting skill increases to level 3!
You have reached level 6!
You hit the mummy. Your grab misses the mummy. Your squeeze misses the mummy.
The mummy is moderately damaged.
Your +0 spectral short sword hits the mummy.
The hornet zombie completely resists.
The wall freezes the hornet zombie but does no damage.
The hornet zombie closely misses you.
The hornet zombie completely resists.
The wall freezes the hornet zombie but does no damage.
The mummy resists.
The wall freezes the mummy.
The mummy hits you!
Unknown command.
You barely miss the mummy. You grab the mummy. You squeeze the mummy.
The mummy is almost destroyed.
Your +0 spectral short sword hits the mummy.
You destroy the mummy!
The hornet zombie completely resists.
The wall freezes the hornet zombie but does no damage.
The hornet zombie completely resists.
The wall freezes the hornet zombie but does no damage.
The hornet zombie closely misses you.
The mummy resists.
The wall freezes the mummy.
The mummy hits you!
You die...

+.# #.+
'M# #.#
+.+
###.#####
#.'M#..∩#
#@'.∩.#
#.Z(#...#
###M#####


'Z. ##'# #.# ### You could see 3 mummies, 2 hornet zombies and a friendly +0
spectral short sword (summoned).

Vanquished Creatures
  A centaur zombie (Ossuary)
  A hound (D:2)
  An orc wizard (D:3)
  A mummy (Ossuary)
  5 gnolls (D:2)
  4 adders
  A worm (D:3)
  2 dart slugs (D:2)
  2 orcs (D:3)
  5 ball pythons
  4 bats
  8 endoplasms
  2 giant cockroaches
  4 hobgoblins
  4 jackals (D:2)
  2 quokkas (D:1)
  3 goblins
  5 kobolds
  3 rats
58 creatures vanquished.

Vanquished Creatures (others)
  4 withered plants (Ossuary)
4 creatures vanquished.

Grand Total: 62 creatures vanquished

Notes
Turn   | Place    | Note
-------+----------+-------------------------------------------
     0 | D:1      | zishaf the Octopode Ice Elementalist began the quest for
                  | the Orb.
     0 | D:1      | Reached XP level 1. HP: 11/11 MP: 3/3
   414 | D:1      | Found a faded altar of an unknown god.
   488 | D:1      | Reached XP level 2. HP: 15/18 MP: 1/5
  1254 | D:1      | Reached skill level 1 in Fighting
  1505 | D:2      | Reached XP level 3. HP: 22/23 MP: 3/6
  1509 | D:2      | Learned a level 3 spell: Frozen Ramparts
  1530 | D:2      | Identified the +3 leather armour of Inaction {Stlth+}
  2312 | D:2      | Reached skill level 5 in Ice Magic
  2312 | D:2      | Reached XP level 4. HP: 29/29 MP: 3/7
  2717 | D:2      | Reached XP level 5. HP: 15/35 MP: 3/8
  3122 | D:3      | Learned a level 3 spell: Ozocubu's Armour
  3959 | D:4      | Reached skill level 6 in Ice Magic
  4277 | D:4      | Found a stormy altar of Qazlal.
  4707 | D:5      | Entered Level 5 of the Dungeon
  4715 | D:5      | Noticed an ice beast
  4765 | D:5      | Found a sand-covered staircase.
  4770 | Ossuary  | Entered an ossuary
  4783 | Ossuary  | Reached XP level 6. HP: 28/42 MP: 2/9
  4784 | Ossuary  | Slain by a mummy

Illustrated notes

Levels and vault maps discovered:
D:1:      dpeg_arrival_brainrot, layout_basic,
          hellmonk_ecumenical_altar_arch_garden
D:2:      layout_basic, minmay_misc_feat_plants, st_stairs_2,
          kennysheep_generic_room_12
D:3:      layout_rooms, serial_corexii_hall, corexii_hall_statues_l,
          chequers_hall_statues_y, minmay_tree_intersection
D:4:      layout_cave_pods, mainiacjoe_overflow_alcove_1
D:5:      layout_loops_corners, portal_sewer_entry_c, enter_ossuary_2
Ossuary:  ossuary_zaba_flooded

Skill      XL: |  1  2  3  4  5 |
---------------+----------------+-----
Stealth        | 3 |  3.0
Fighting       | 1 2 3 |  3.0
Ice Magic      | 5 6 |  6.2
Dodging        | |  2.0
Spellcasting   | |  2.0

Action                   |  1- 3 |  4- 6 || total
-------------------------+-------+-------++-------
Melee: Spear             |    14 |       ||    14
       Short sword       |    25 |    24 ||    49
       Constrict         |     6 |     5 ||    11
       Tentacles         |     5 |     8 ||    13
 Cast: Freeze            |    32 |    28 ||    60
       Frozen Ramparts   |     1 |     2 ||     3
       Ozocubu's Armour  |       |     1 ||     1
  Use: Scroll            |       |     9 ||     9
 Stab: Sleeping          |     8 |     7 ||    15
Armor: Skin              |     3 |     3 ||     6
Dodge: Dodged            |    32 |    29 ||    61

Table legend: (Time is in decaauts)
 A = Elapsed time spent in this place.
 B = Non-inter-level travel time spent in this place.
 C = Inter-level travel time spent in this place.
 D = Time resting spent in this place.
 E = Time spent auto-exploring this place.
 F = Levels seen in this place.
 G = Mean time per level.
                   A        B        C        D        E       F      G
               +--------+--------+--------+--------+--------+-----+--------+
         Total |   4790 |   4648 |    142 |    552 |   3454 |   6 |  798.3 |
       Dungeon |   4776 |   4634 |    142 |    552 |   3454 |   5 |  955.2 |
       Ossuary |     14 |     14 |      0 |      0 |      0 |   1 |   14.0 |
               +--------+--------+--------+--------+--------+-----+--------+

Top non-repeatable levels by time:
     D:2: 1598 daAuts
     D:1: 1380 daAuts
     D:4: 980 daAuts
     D:3: 753 daAuts
     D:5: 62 daAuts
 Ossuary: 14 daAuts
